 Dungeon Crawl Stone Soup version 0.25.0-9-g26727b657a (webtiles) character file.

Game seed: 3259663814107015226

966 jt the Chucker (level 8, -2/114 HPs)
             Began as a Naga Hunter on June 17, 2020.
             Was a High Priest of Uskayaw.
             Slain by a scorpion (5 damage)
             ... on level 5 of the Dungeon.
             The game lasted 00:16:25 (3738 turns).

jt the Chucker (Naga Hunter)                        Turns: 3738, Time: 00:16:26

Health: -2/114     AC:  5    Str: 15    XL:     8   Next: 15%
Magic:  8/8        EV: 10    Int: 13    God:    Uskayaw [*****.]
Gold:   169        SH:  0    Dex: 12    Spells: 7/7 levels left

rFire    . . .     SeeInvis +   a - +3 short sword (speed)
rCold    . . .     Gourm    .   (no shield)
rNeg     . . .     Faith    .   x - +1 leather armour
rPois    +         Spirit   .   (no helmet)
rElec    .         Reflect  .   (no cloak)
rCorr    .         Harm     .   (no gloves)
MR       +....                  (no barding)
Stlth    ..........             k - amulet of the acrobat
HPRegen  0.29/turn              (no ring)
MPRegen  0.11/turn              (no ring)

@: brilliant, berserking (expiring), lethally poisoned (-2 -> -14), flying, very
slightly contaminated, quick
A: large, see invisible, deformed body, poison resistance, slowness 2, slow
metabolism 1, spit poison 1, subdued magic 1, sturdy frame 1, AC +2
a: Spit Poison, Stomp, Line Pass, Grand Finale, Renounce Religion


You were on level 5 of the Dungeon.
You worshipped Uskayaw.
Uskayaw was noncommittal.
You were not hungry.

You visited 1 branch of the dungeon, and saw 5 of its levels.

You collected 169 gold pieces.

Inventory:

Hand Weapons
 a - a +3 short sword of speed (weapon)
 b - a +0 hunting sling
 q - a +0 arbalest
 r - a cursed -2 long sword
Missiles
 c - 5 javelins (quivered)
 d - 2 throwing nets
 o - 15 arrows
 p - 47 bolts
 w - 78 stones
 A - 19 poisoned darts
 B - 7 boomerangs
 F - 12 sling bullets
Armour
 x - a +1 leather armour (worn)
Jewellery
 k - an amulet of the acrobat (around neck)
 z - an uncursed amulet of guardian spirit
 G - an uncursed ring of protection from fire {unknown}
Scrolls
 h - 4 scrolls of identify
 m - 2 scrolls of fog
 s - a scroll of enchant weapon
 u - 2 scrolls of teleportation
 y - 9 scrolls of remove curse
Potions
 e - 2 potions of ambrosia
 i - a potion of brilliance
 n - a potion of heal wounds
 t - 3 potions of curing
 v - a potion of resistance {unknown}
 C - a potion of flight
 D - a potion of might {unknown}
 E - 3 potions of haste {unknown}
Comestibles
 f - 6 rations


   Skills:
 + Level 6.1 Fighting
 - Level 2.0 Short Blades
 + Level 2.1(4.6) Slings
 + Level 6.4(6.6) Throwing
 - Level 0.2 Armour
 - Level 1.6 Dodging
 - Level 1.5 Stealth
 + Level 1.2 Invocations


You had 7 spell levels left.
You didn't know any spells.
Your spell library was empty.

Dungeon Overview and Level Annotations

Branches:
Dungeon (5/15)
 Temple: D:4-7

Altars:
Cheibriados
Fedhas
Kikubaaqudgha
Trog
Uskayaw

Annotations:
D:2 2 transporters
D:5 Blork the orc


Innate Abilities, Weirdness & Mutations

You cannot wear boots.
Your serpentine skin is tough. (AC +2)
You have supernaturally acute eyesight. (SInv)
Armour fits poorly on your strangely shaped body.
Your system is resistant to poisons. (rPois)
You cover ground very slowly.
You have a slow metabolism.
You can spit poison.
Your spells are a little easier to cast, but a little less powerful.
Your movements are slightly less encumbered by armour. (ER -2)


Message History

You feel sick.
The scorpion stings you but does no damage.
The jackal skeleton bites you.
* * * LOW HITPOINT WARNING * * *
You impale the orc!!
You kill the orc!
* * * LOW HITPOINT WARNING * * *
You feel sick. Blork the orc barely misses you.
You hit the orc.
You kill the orc!
* * * LOW HITPOINT WARNING * * *
You feel sick. The jackal skeleton barely misses you.
The scorpion stings you but does no damage.
The phantom blinks!
You are too berserk!
You barely miss the jackal skeleton.
* * * LOW HITPOINT WARNING * * *
You feel sick. The jackal skeleton closely misses you.
You closely miss the scorpion. The scorpion stings you.
You die...

.. #..###.....##..(.(†.....##.##
...#..##......####.()...........#
...##.#........####.§.......##..#
....#...........#.##.............
#.......[).................#....
##..............#.#........###...
#...............#............ ...
...............)so.##......... ##
.........§....o)@)###.......##
..............ZZ..###......##
#....##................#..##
##... ###.......#.....#####
......##.....<.##.....#
.......................#
##...##...##.#.......### #.
#.#.....#....#.# #..#....###.###


You could see Blork the orc, a scorpion, an orc wizard (invisible), a giant
cockroach zombie and a jackal skeleton.

Vanquished Creatures
  A phantom (D:4)
  A sky beast (D:5)
  2 ogres
  A bullfrog (D:3)
  3 scorpions
  3 crimson imps (D:5)
  An orc priest (D:5)
  A hound (D:4)
  2 worker ants
  An iguana (D:4)
  A hound zombie (D:5)
  A hound skeleton (D:4)
  6 adders
  2 oozes (D:1)
  An adder zombie (D:5)
  4 worms
  A dart slug (D:2)
  4 leopard geckos
  7 orcs
  2 bats (D:1)
  3 giant cockroaches
  3 goblins
  6 hobgoblins
  A quokka (D:5)
  2 ball pythons
  6 frilled lizards
  A jackal skeleton (D:4)
  6 kobolds
  4 rats
77 creatures vanquished.

Notes
Turn   | Place    | Note
-------+----------+-------------------------------------------
     0 | D:1      | jt the Naga Hunter began the quest for the Orb.
     0 | D:1      | Reached XP level 1. HP: 19/19 MP: 1/1
   220 | D:1      | Reached XP level 2. HP: 26/27 MP: 2/2
   801 | D:2      | Reached XP level 3. HP: 31/33 MP: 3/3
   806 | D:1      | Reached skill level 1 in Short Blades
   888 | D:2      | Found a hide-covered altar of Uskayaw.
   895 | D:2      | Became a worshipper of Uskayaw the Reveler
   926 | D:2      | Reached * piety under Uskayaw
   982 | D:2      | Found a transporter.
   982 | D:2      | Noticed a bullfrog
   984 | D:2      | Noticed a bullfrog
   992 | D:2      | Found a transporter.
  1006 | D:2      | Found an ancient bone altar of Kikubaaqudgha.
  1146 | D:2      | Reached ** piety under Uskayaw
  1147 | D:2      | Reached XP level 4. HP: 37/42 MP: 4/4
  1595 | D:3      | Noticed a bullfrog
  1704 | D:3      | Reached *** piety under Uskayaw
  1705 | D:3      | Killed a bullfrog
  1705 | D:3      | Reached XP level 5. HP: 48/50 MP: 5/5
  1838 | D:3      | Found a blossoming altar of Fedhas.
  2359 | D:4      | Found a snail-covered altar of Cheibriados.
  2390 | D:4      | Reached XP level 6. HP: 32/57 MP: 6/6
  2481 | D:4      | Reached skill level 5 in Throwing
  2762 | D:4      | Found a bloodstained altar of Trog.
  2870 | D:4      | Noticed a phantom
  2905 | D:4      | Killed a phantom
  2905 | D:4      | Reached skill level 5 in Fighting
  2905 | D:4      | Reached XP level 7. HP: 34/67 MP: 7/7
  3400 | D:5      | Entered Level 5 of the Dungeon
  3522 | D:5      | Reached skill level 1 in Slings
  3523 | D:5      | Reached **** piety under Uskayaw
  3536 | D:5      | Reached ***** piety under Uskayaw
  3549 | D:5      | Reached ****** piety under Uskayaw
  3707 | D:5      | Reached XP level 8. HP: 53/76 MP: 8/8
  3712 | D:5      | Noticed Blork the orc
  3714 | D:5      | Gained mutation: You tend to lose your temper in combat.
                  | [potion of mutation]
  3714 | D:5      | Lost mutation: You tend to lose your temper in combat.
                  | [potion of mutation]
  3714 | D:5      | Gained mutation: Your spells are a little easier to cast,
                  | but a little less powerful. [potion of mutation]
  3714 | D:5      | Gained mutation: Your movements are slightly less
                  | encumbered by armour. (ER -2) [potion of mutation]
  3726 | D:5      | Reached skill level 1 in Invocations
  3735 | D:5      | HP: 5/114 [poisoned by a scorpion]
  3738 | D:5      | Slain by a scorpion

Illustrated notes

Levels and vault maps discovered:
D:1:      lemuel_arrival_room, layout_loops_ring
D:2:      layout_loops_ring, gammafunk_temple_overflow_arena,
          old_standard_altar, first_ration
D:3:      layout_rooms, nicolae_overflow_hidden_temple
D:4:      layout_loops_ring, marbit_many_paths, gup_sewer_entry_bowl,
          trog_three_pillars_becter
D:5:      layout_cave_pools, minmay_temple_entry_mini_moons, uniq_blork_the_orc

Skill      XL: |  1  2  3  4  5  6  7  8 |
---------------+-------------------------+-----
Short Blades   | 1 2 |  2.0
Throwing       | 4 5 6 |  6.4
Fighting       | 3 4 5 6 |  6.1
Slings         | 1 2 |  2.1
Invocations    | 1 |  1.2
Armour         | |  0.2
Dodging        | |  1.6
Stealth        | |  1.5

Action                   |  1- 3 |  4- 6 |  7- 9 || total
-------------------------+-------+-------+-------++-------
Melee: Short sword       |    33 |    73 |    62 ||   168
 Fire: Hunting sling     |       |    23 |    50 ||    73
Throw: Javelin           |     2 |    12 |     1 ||    15
       Dart              |       |     1 |       ||     1
 Abil: Spit Poison       |    15 |    16 |     8 ||    39
  Use: Scroll            |       |    11 |     1 ||    12
       Potion            |       |     1 |     5 ||     6
 Stab: Sleeping          |     1 |       |       ||     1
       Paralysed         |       |     1 |     5 ||     6
  Eat: Chunk             |     1 |     2 |     3 ||     6
       Ration            |       |     1 |       ||     1
Armor: Leather armour    |     9 |    16 |    26 ||    51
Dodge: Dodged            |    17 |    18 |    42 ||    77
